 Seeded DCSS version 0.31-a0-208-gdb31a4691d (webtiles) character file.

Game seed: 10414033630809901341 (custom seed)

10909 innerfire43 the Carver (level 11, -5/77 HPs)
             Began as a Demonspawn Monk on June 28, 2023.
             Was the Champion of Jiyva.
             Slain by an orc warrior
             ... wielding a +0 dire flail
              (22 damage)
             ... on level 1 of the Orcish Mines.
             The game lasted 00:12:12 (7647 turns).

innerfire43 the Carver (Demonspawn Monk)            Turns: 7647, Time: 00:12:13

Health: -5/77      AC:  8    Str: 15    XL:     11   Next: 42%
Magic:  11/11      EV: 19    Int: 11    God:    Jiyva [******]
Gold:   577        SH:  5    Dex: 17    Spells: 10/10 levels left

rFire   + . .        k - +9 great sword of Sewiefups {heavy, Stlth+}
rCold   . . .        (shield currently unavailable)
rNeg    . . .        u - +0 troll leather armour
rPois   .            (helmet restricted)
rElec   .            x - +1 cloak
rCorr   +            q - +0 pair of gloves
SInv    +            (boots unavailable)
Will    .....        p - amulet of reflection
Stlth   +++          h - +4 ring of slaying
HPRegen 2.72/turn    (no ring)
MPRegen 0.62/turn

%: reflection
@: studying Evocations
A: hooves 3, horns 1, demonic guardian 2, weakness stinger 1, claws 1, fire
resistance 1, shaggy fur 1, acidic bite, eyeballs 3, sturdy frame 3
a: Renounce Religion, Oozemancy, Slimify


You were on level 1 of the Orcish Mines.
You worshipped Jiyva.
Jiyva was exalted by your worship.
You visited 2 branches of the dungeon, and saw 11 of its levels.

You collected 772 gold pieces.
You spent 195 gold pieces at shops.

Inventory:

Hand Weapons
 a - a +0 falchion
 k - the +9 great sword of Sewiefups (weapon) {heavy, Stlth+}
   (You found it on level 2 of the Dungeon)

   Stlth:     It makes you more stealthy.
 A - a +5 dagger
Missiles
 D - a throwing net
Armour
 b - a +0 robe
 d - an orb of light
 q - a +0 pair of gloves (worn)
 u - a +0 troll leather armour (worn)
 x - a +1 cloak (worn)
 z - a +1 ring mail of fire resistance
Jewellery
 h - a +4 ring of slaying (left hand)
 o - a ring of magical power
 p - an amulet of reflection (around neck)
 r - a ring of positive energy
 t - a ring of wizardry
Wands
 s - a wand of paralysis (9)
Scrolls
 e - 2 scrolls of identify
 g - 3 scrolls of teleportation
 i - a scroll of fear
 j - 2 scrolls of immolation
 m - 3 scrolls of revelation
 n - a scroll of noise
 y - 2 scrolls of blinking
Potions
 l - 2 potions of curing
 w - a potion of attraction {unknown}
 C - 2 potions of mutation
Miscellaneous
 v - a piece from Xom's chessboard (15/15)


   Skills:
 - Level 4.0 Fighting
 * Level 12.0 Long Blades
 * Level 12.0 Dodging


You had 10 spell levels left.
You didn't know any spells.
Your spell library contained the following spells:

 Spells                   Type           Power      Damage    Failure   Level
 Sublimation of Blood     Necr           0%         N/A       47%         2
 Petrify                  Tmut/Erth      0%         N/A       98%         4
 Irradiate                Conj/Tmut      0%         3d11      100%        5


Dungeon Overview and Level Annotations

Branches:
Dungeon (9/15)             Temple (0/1) D:4            Lair (0/5) D:9
    Orc (2/2) D:9
    Elf: Orc:2

Altars:
Cheibriados
Gozag
Hepliaklqana
Nemelex Xobeh
Okawaru
Qazlal
Ru
Sif Muna
Uskayaw
Wu Jian
Xom
Jiyva

Shops:
D:7 [

Annotations:
D:3 3 runed translucent doors, innerfire43's ghost, amateur DsMo


Innate Abilities, Weirdness & Mutations

You have hooves in place of feet.
You have a pair of small horns on your head.
A demonic guardian rushes to your aid.
You have a small tail.
You have sharp fingernails.
Your flesh is heat resistant. (rF+)
You are covered in fur. (AC +1)
You have acidic saliva.
Your body is covered in eyes which may confuse attackers. (Acc +7, SInv)
Your movements are significantly less encumbered by armour. (ER -6)


Message History

The orc barely misses you. The orc wizard misses you.
The orc warrior completely misses you.
The orc warlord hits you with a +0 long sword.
You block the warg's attack.
The orc warrior hits you with a +0 dire flail!!
You shudder from the blow and a jelly pops out!
A demonic guardian appears!
You block the orc's attack.
The eyeballs on your body gaze at the orc.
The orc warlord barely misses you.
The orc wizard points at you and mumbles some strange words.
The magic dart hits you but does no damage.
You hit the orc warlord. Your kick misses the orc warlord.
Your tail-slap misses the orc warlord.
You bite the orc warlord.
The acid corrodes the orc warlord!
The orc warlord is lightly wounded.
The warg bites you!
* * * LOW HITPOINT WARNING * * *
Your rockslime hits the orc warrior!
The orc warrior holds its ground!
The warg bites you.
* * * LOW HITPOINT WARNING * * *
The orc warrior hits the orc with a +0 dire flail!
The orc is killed!
The orc wizard barely misses you. The orc warrior misses you.
The orc warlord completely misses you.
Your rust devil closely misses the orc warrior.
You feel much better. The warg closely misses you.
The eyeballs on your body gaze at the warg.
Your rockslime hits the orc warrior!
The orc warrior holds its ground!
Your rust devil closely misses the orc warrior.
You block the orc wizard's attack.
The orc warlord hits you with a +0 long sword!!
* * * LOW HITPOINT WARNING * * *
You shudder from the blow and a jelly pops out!
The orc warrior completely misses you. The warg bites your rockslime!
Your rockslime hits the orc warrior!!
The orc warrior holds its ground!
The orc warrior dies!
You feel better.
Your rust devil hits the orc warlord.
The orc warlord seems to be corroded for longer.
The orc warrior hits you with a +0 dire flail!!
You die...

##...................#..
##.......................
#............>..........#
#........................
##......................#
##.....................#.
#........................
##.....oJh...............
#......@)J..............
##.....o)o4.............#
#.......................#
#........................
##.................##.#.#
#......................##
##......................#
#...............#.....##
##...#.........#####..##


You could see an orc warlord (corroded, ally target), a warg (confused, ally
target), an orc warrior (strong, confused), an orc wizard (strong), 2 friendly
rockslimes and a friendly rust devil (summoned).

Vanquished Creatures
  A two-headed ogre (D:8)
  The ghost of IdlyInterested the Carver, a novice DsFi (D:7)
  Joseph (D:9)
  4 trolls
  A hornet (D:6)
  7 yaks (D:9)
  A wyvern (D:7)
  4 humans (D:8)
  4 wargs
  7 water moccasins
  2 black bears (D:6)
  5 orc warriors
  An ice beast (D:6)
  2 sky beasts
  4 ogres
  2 centaurs
  A phantom (D:5)
  2 kobold brigands (D:9)
  7 bullfrogs
  A gnoll sergeant (D:9)
  2 scorpions
  11 wights
  8 killer bees
  2 electric eels (D:7)
  2 howler monkeys (D:9)
  2 hounds
  A gnoll bouda (D:4)
  5 orc priests
  Terence (D:2)
  4 iguanas
  3 orc wizards
  13 gnolls
  6 adders
  A white imp (D:7)
  2 worms
  3 dart slugs
  40 orcs
  5 endoplasms
  2 giant cockroaches
  8 goblins
  6 hobgoblins
  5 jackals
  14 kobolds
  3 quokkas
  11 ball pythons
  8 bats
  4 frilled lizards
  5 rats
235 creatures vanquished.

Vanquished Creatures (collateral kills)
  A yak (D:9)
  A human (D:8)
  2 wargs
  5 orc warriors
  2 ogres (Orc:1)
  A jelly (D:3)
  A killer bee (D:8)
  5 orc priests (Orc:1)
  3 orc wizards (Orc:1)
  2 gnolls (D:4)
  6 orcs (Orc:1)
  A goblin (D:2)
  A hobgoblin (D:4)
  2 jackals (D:1)
  A quokka (D:2)
  2 kobolds (D:9)
36 creatures vanquished.

Vanquished Creatures (others)
  A human (D:8)
  A yak (D:9)
  A black bear (D:9)
  A scorpion (D:9)
  A howler monkey (D:4)
  17 jellies
  A crimson imp (D:5)
  2 hounds
  A gnoll bouda (D:5)
  A mummy (D:5)
  4 gnolls (D:5)
  A white imp (D:5)
  6 orcs
  3 kobolds (D:9)
41 creatures vanquished.

Grand Total: 312 creatures vanquished

Notes
Turn   | Place    | Note
-------+----------+-------------------------------------------
     0 | D:1      | innerfire43 the Demonspawn Monk began the quest for the
                  | Orb.
     0 | D:1      | Reached XP level 1. HP: 18/18 MP: 1/1
   105 | D:1      | Gained mutation: A weak demonic guardian rushes to your
                  | aid. [demonic ancestry]
   105 | D:1      | Reached XP level 2. HP: 24/24 MP: 2/2
   312 | D:1      | You fall into a shaft and drop 1 floor!
   324 | D:2      | Discovered your monstrous ancestry.
   324 | D:2      | Gained mutation: You have large cloven feet. [demonic
                  | ancestry]
   324 | D:2      | Reached XP level 3. HP: 24/29 MP: 3/3
   482 | D:2      | Identified the +9 great sword of Sewiefups {heavy, Stlth+}
   535 | D:2      | Noticed Terence
   542 | D:2      | Killed Terence
   543 | D:2      | Gained mutation: You have hoof-like feet. [demonic
                  | ancestry]
   543 | D:2      | Reached XP level 4. HP: 4/37 MP: 4/4
  1708 | D:3      | Reached XP level 5. HP: 42/42 MP: 5/5
  2023 | D:3      | Found a runed translucent gate.
  2023 | D:3      | Found a runed translucent gate.
  2023 | D:3      | Found a runed translucent gate.
  2026 | D:3      | Noticed innerfire43's ghost (amateur DsMo)
  2093 | D:3      | Found a faded altar of an unknown god.
  2138 | D:3      | Prayed at the altar of an unknown god.
  2138 | D:3      | Became a worshipper of Jiyva Joypati the Shapeless
  2138 | D:3      | Reached * piety under Jiyva
  2138 | D:3      | Reached ** piety under Jiyva
  2299 | D:3      | Reached *** piety under Jiyva
  2339 | D:3      | Found an ornate altar of the Wu Jian Council.
  2585 | D:4      | Gained mutation: You are covered in fur. (AC +1) [Jiyva's
                  | grace]
  2585 | D:4      | Gained mutation: You are covered in thick fur. (AC +2)
                  | [Jiyva's grace]
  2585 | D:4      | Gained mutation: Your thick and shaggy fur keeps you warm.
                  | (AC +3, rC+) [Jiyva's grace]
  2585 | D:4      | Gained mutation: You have acidic saliva. [Jiyva's grace]
  2637 | D:4      | Gained mutation: You have a small tail. [demonic ancestry]
  2637 | D:4      | Reached XP level 6. HP: 24/48 MP: 6/6
  2687 | D:5      | Entered Level 5 of the Dungeon
  2863 | D:4      | Found a staircase to the Ecumenical Temple.
  3109 | D:5      | Reached skill level 5 in Long Blades
  3109 | D:5      | Reached skill level 5 in Dodging
  3109 | D:5      | Noticed a water moccasin
  3118 | D:5      | Killed a water moccasin
  3119 | D:5      | Gained mutation: A demonic guardian rushes to your aid.
                  | [demonic ancestry]
  3119 | D:5      | Reached XP level 7. HP: 21/54 MP: 7/7
  3342 | D:5      | Reached **** piety under Jiyva
  3551 | D:5      | Found a snail-covered altar of Cheibriados.
  3950 | D:6      | Noticed a troll
  3954 | D:6      | Killed a troll
  3955 | D:6      | Gained mutation: You have a pair of small horns on your
                  | head. [demonic ancestry]
  3955 | D:6      | Reached XP level 8. HP: 60/60 MP: 8/8
  4033 | D:6      | Found a sparkling altar of Nemelex Xobeh.
  4283 | D:6      | Noticed a hornet
  4285 | D:6      | Killed a hornet
  4295 | D:6      | Found a shimmering blue altar of Sif Muna.
  4295 | D:6      | Reached ***** piety under Jiyva
  4586 | D:7      | Reached XP level 9. HP: 65/65 MP: 9/9
  4608 | D:7      | Lost mutation: Your thick and shaggy fur keeps you warm.
                  | (AC +3, rC+) [Jiyva's grace]
  4608 | D:7      | Lost mutation: You are covered in thick fur. (AC +2)
                  | [Jiyva's grace]
  4608 | D:7      | Gained mutation: Your movements are slightly less
                  | encumbered by armour. (ER -2) [Jiyva's grace]
  4608 | D:7      | Gained mutation: Your movements are less encumbered by
                  | armour. (ER -4) [Jiyva's grace]
  4608 | D:7      | Gained mutation: Your movements are significantly less
                  | encumbered by armour. (ER -6) [Jiyva's grace]
  4608 | D:7      | Gained mutation: You have sharp fingernails. [Jiyva's
                  | grace]
  4631 | D:7      | Found a runed translucent door.
  4633 | D:7      | Found a sacrificial altar of Ru.
  4648 | D:7      | Noticed IdlyInterested's ghost (novice DsFi)
  4679 | D:7      | Killed IdlyInterested's ghost
  4965 | D:7      | Found Keddeu's Antique Armour Boutique.
  4973 | D:7      | Bought an embroidered cloak for 195 gold pieces
  5093 | D:7      | Found an opulent altar of Gozag.
  5215 | D:8      | Gained mutation: You have hooves in place of feet. [demonic
                  | ancestry]
  5215 | D:8      | Reached XP level 10. HP: 58/71 MP: 10/10
  5323 | D:8      | Found a hide-covered altar of Uskayaw.
  5324 | D:8      | Found a shimmering altar of Xom.
  5458 | D:8      | Found an iron altar of Okawaru.
  5731 | D:8      | Noticed a two-headed ogre
  5737 | D:8      | Killed a two-headed ogre
  5738 | D:8      | Reached skill level 10 in Long Blades
  5738 | D:8      | Reached skill level 10 in Dodging
  5952 | D:9      | Found a staircase to the Lair.
  5981 | D:9      | Reached XP level 11. HP: 72/77 MP: 11/11
  5997 | D:9      | Reached ****** piety under Jiyva
  6086 | D:9      | Found a hazy altar of Hepliaklqana.
  6231 | D:9      | Noticed Joseph
  6257 | D:9      | Found a staircase to the Orcish Mines.
  6264 | D:9      | Killed Joseph
  6470 | D:9      | Found a stormy altar of Qazlal.
  6662 | Orc:1    | Entered Level 1 of the Orcish Mines
  6755 | Orc:1    | Gained mutation: Your body has grown eyes which may confuse
                  | attackers. (Acc +3) [Jiyva's grace]
  6755 | Orc:1    | Gained mutation: Your body has grown many eyes which may
                  | confuse attackers. (Acc +5) [Jiyva's grace]
  6755 | Orc:1    | Gained mutation: Your body is covered in eyes which may
                  | confuse attackers. (Acc +7, SInv) [Jiyva's grace]
  6755 | Orc:1    | Gained mutation: Your flesh is heat resistant. (rF+)
                  | [Jiyva's grace]
  7201 | Orc:2    | Entered Level 2 of the Orcish Mines
  7609 | Orc:2    | Noticed an orc warlord
  7647 | Orc:1    | Slain by an orc warrior

Illustrated notes

Levels and vault maps discovered:
D:1:      heliophobic_arrival_henge, layout_basic
D:2:      layout_rooms, uniq_terence
D:3:      layout_loops_corners, mainiacjoe_overflow_cross_hatched,
          nicolae_wu_jian_immortal_techniques, gammafunk_ghost_nasty_kobolds,
          shapermc_ecumenical_altar_flowoftime
D:4:      layout_rooms, minmay_temple_entry_glassed_door
D:5:      layout_basic, slow_altar_2, minmay_fire_ice_demons
D:6:      layout_loops_ring, mainiacjoe_overflow_six_doors_small,
          nicolae_sif_muna_little_library, hellmonk_bongcloud_opening,
          minmay_manual_monolith
D:7:      layout_cave_pools, kennysheep_mini, nicolae_ru_awakened_eye,
          ebering_ghost_reflecting_pool, serial_shops, shop_fountains,
          kennysheep_cluttered_room
D:8:      layout_basic, nicolae_uskayaw_murder_on_the_dancefloor,
          old_standard_altar, marbit_many_paths, minmay_ruffians
D:9:      layout_loops_ring, nicolae_qazlal_eye_of_the_storm,
          nzn_hepliaklqana_mist_gate, due_lair_maze_entry_diamond,
          minmay_orc_entry_guard_dogs, uniq_joseph
Orc:1:    layout_caves, nicolae_orc_flooded_monolith, mines2_david
Orc:2:    st_orc_elflike, layout_caves, nicolae_orc_pool_cavern

Skill      XL: |  1  2  3  4  5  6  7  8  9 10 11 |
---------------+----------------------------------+-----
Long Blades    | 3 4 5 6 7 9 11 12 | 12.0
Dodging        | 3 4 5 6 7 9 11 12 | 12.0
Fighting       | 4 |  4.0

Action                     |  1- 3 |  4- 6 |  7- 9 | 10-12 || total
---------------------------+-------+-------+-------+-------++-------
  Melee: Falchion          |    51 |       |       |       ||    51
         Great sword       |     5 |   104 |    74 |   153 ||   336
         Kick              |     5 |    17 |    16 |    28 ||    66
         Bite              |       |     3 |     7 |    15 ||    25
         Tailslap          |       |     2 |     9 |    21 ||    32
         Headbutt          |       |       |     6 |    18 ||    24
    Use: Scroll            |       |       |     3 |    10 ||    13
         Potion            |       |       |       |     6 ||     6
   Stab: Sleeping          |       |    15 |     6 |     3 ||    24
 Armour: Robe              |    11 |    28 |     3 |       ||    42
         Troll leather arm |       |       |    19 |    39 ||    58
  Dodge: Dodged            |    60 |   100 |    75 |   232 ||   467
  Block: Other             |       |    36 |    22 |    70 ||   128
         Reflection        |       |       |     1 |     1 ||     2

Table legend: (Time is in decaauts)
 A = Elapsed time spent in this place.
 B = Non-inter-level travel time spent in this place.
 C = Inter-level travel time spent in this place.
 D = Time resting spent in this place.
 E = Time spent auto-exploring this place.
 F = Levels seen in this place.
 G = Mean time per level.
                   A        B        C        D        E       F      G
               +--------+--------+--------+--------+--------+-----+--------+
         Total |   7981 |   7735 |    246 |      0 |   5648 |  11 |  725.5 |
       Dungeon |   6967 |   6728 |    239 |      0 |   5136 |   9 |  774.1 |
  Orcish Mines |   1014 |   1007 |      7 |      0 |    511 |   2 |  507.0 |
               +--------+--------+--------+--------+--------+-----+--------+

Top non-repeatable levels by time:
     D:3: 1199 daAuts
     D:9: 913 daAuts
     D:5: 870 daAuts
     D:1: 800 daAuts
     D:8: 737 daAuts
     D:6: 730 daAuts
     D:2: 621 daAuts
   Orc:1: 605 daAuts
     D:7: 583 daAuts
     D:4: 510 daAuts
   Orc:2: 408 daAuts
